 Dungeon Crawl Stone Soup version 0.17.0-28-g6e173f8 (webtiles) character file.

70 dvd the Chopper (level 4, 0/37 HPs)
             Began as a Hill Orc Gladiator on Nov 26, 2015.
             Slain by Sigmund
             ... wielding a +0 scythe
              (7 damage)
             ... on level 2 of the Dungeon.
             The game lasted 00:04:16 (1536 turns).

dvd the Chopper (Hill Orc Gladiator)                Turns: 1536, Time: 00:04:17

Health: 0/37       AC:  4    Str: 17    XL:     4   Next: 22%
Magic:  4/4        EV: 12    Int:  8    God:
Gold:   83         SH:  3    Dex: 12    Spells: 0 memorised, 3 levels left

rFire  . . .     SeeInvis .     a - +0 war axe
rCold  . . .     Clarity  .     b - +0 leather armour
rNeg   + . .     SustAt   .     f - +0 buckler (curse)
rPois  .         Gourm    .     c - +0 helmet
rElec  .         Spirit   .     (no cloak)
rCorr  .         Warding  +     (no gloves)
rMut   .         Stasis   .     (no boots)
MR     .....                    i - amulet of warding
Stlth  +.........               (no ring)
                                (no ring)

@: not resistant to hostile enchantments, very unstealthy
A: no striking features
a: no special abilities


You were on level 2 of the Dungeon.
You were not hungry.

You visited 1 branch of the dungeon, and saw 2 of its levels.

You collected 83 gold pieces.

Inventory:

Hand Weapons
 a - a +0 war axe (weapon)
Missiles
 d - 2 throwing nets (quivered)
Armour
 b - a +0 leather armour (worn)
 c - a +0 helmet (worn)
 f - a cursed +0 buckler (worn)
Jewellery
 g - an uncursed amulet of faith
 i - an amulet of warding (around neck)
Scrolls
 h - a scroll of blinking {unknown}
 j - a scroll of remove curse {unknown}
 k - a scroll of immolation {unknown}
 l - 2 scrolls of identify {unknown}
 o - a scroll of noise {unknown}
Potions
 m - a potion of brilliance {unknown}
 n - 2 potions of lignification {unknown}
 p - a potion of resistance {unknown}
Comestibles
 e - 2 bread rations


   Skills:
 + Level 2.9 Fighting
 + Level 4.7 Axes
 + Level 1.7 Throwing
 + Level 1.2 Armour
 + Level 3.2 Dodging
 + Level 0.4 Shields


You had 3 spell levels left.
You didn't know any spells.

Dungeon Overview and Level Annotations

Branches:
Dungeon (2/15)

Altars:
Dithmenos
Sif Muna

Annotations:
D:2 Sigmund


Message History

Something wriggles in the net.
Something wriggles in the net.
You slash something!
Something wriggles in the net.
You hit something.
Something wriggles in the net.
You slash something!
Something wriggles in the net.
You hear some strange, mumbled words.
A magic dart appears from out of thin air!
The magic dart hits you!
Something wriggles in the net.
All of a sudden the net rips apart!
You barely miss something. You hit something but do no damage.
Something hits you.
You hit something. Something hits you.
You hit something. Something hits you!
You miss something.
You hear some strange, mumbled words.
A magic dart appears from out of thin air!
The magic dart hits you!
* * * LOW HITPOINT WARNING * * *
Something hits you!
You die...

#####.#............r....
#...
#........#...###.######.
####
......#(#......###.##
#####
......#..[.#(.......
#....
......##...#........
##....
...........#........
#.....
......##...#.....####
#..... ......##...#.....#
# . #.##..
.........#.#....@##.#....
#....#
..#......#.#......{......
####.#
###....#.#.....##......
#..... ..
#.....#.#.....## #.###
###### ..
#................. ..
..##.#...#.......##.# .
..#...................
.................... #
..............#.###..


There were no monsters in sight!

Vanquished Creatures
  2 oozes (D:2)
  2 worms (D:2)
  A giant gecko (D:1)
  2 bats
  5 giant cockroaches
  7 hobgoblins
  4 jackals (D:1)
  2 ball pythons
  6 goblins (D:1)
  9 kobolds
  11 rats
51 creatures vanquished.

Notes
Turn   | Place    | Note
--------------------------------------------------------------
     0 | D:1      | dvd the Hill Orc Gladiator began the quest for the Orb.
     0 | D:1      | Reached XP level 1. HP: 18/18 MP: 1/1
   109 | D:1      | Reached XP level 2. HP: 15/25 MP: 2/2
   464 | D:1      | Reached XP level 3. HP: 27/30 MP: 3/3
   965 | D:2      | Found a shadowy altar of Dithmenos.
  1383 | D:2      | Reached XP level 4. HP: 37/37 MP: 4/4
  1386 | D:2      | Reached skill level 1 in Armour
  1492 | D:2      | Found a deep blue altar of Sif Muna.
  1523 | D:2      | Noticed Sigmund
  1536 | D:2      | Slain by Sigmund

Action                   |  1- 3 |  4- 6 || total
-------------------------+-------+-------++-------
Melee: War axe           |   123 |    19 ||   142
Throw: Throwing net      |       |     1 ||     1
  Eat: Chunk             |     2 |       ||     2
